 Dungeon Crawl Stone Soup version 0.30-b1-2-g02819fbbbe (webtiles) character file.

Game seed: 2094578217695978021

4032 Mesmaeker13 the Reanimator (level 9, 0/62 HPs)
             Began as a Demigod Necromancer on June 17, 2023.
             Slain by a hornet (14 damage)
             ... while paralysed by a hornet
             ... on level 8 of the Dungeon.
             The game lasted 00:23:45 (9730 turns).

Mesmaeker13 the Reanimator (Demigod Necromancer)    Turns: 9730, Time: 00:23:45

Health: 0/62       AC:  9    Str: 17    XL:     9   Next: 74%
Magic:  16/25      EV:  2    Int: 27    God:
Gold:   706        SH:  0    Dex: 14    Spells: 14/24 levels left

rFire   + . .        j - staff of death
rCold   . . .        (no shield)
rNeg    + . .        a - +1 robe
rPois   .            f - +2 helmet
rElec   .            (no cloak)
rCorr   .            u - +2 pair of gloves
SInv    .            (no boots)
Will    .....        (no amulet)
Stlth   ++           H - +6 ring of intelligence
HPRegen 0.30/turn    l - ring of protection from fire
MPRegen 0.19/turn

%: no passive effects
@: paralysed, lethally poisoned (0 -> -6), slowed
A: high MP 1, forlorn, divine attributes
a: no special abilities


You were on level 8 of the Dungeon.
You visited 1 branch of the dungeon, and saw 8 of its levels.
You also visited: Ossuary.

You collected 706 gold pieces.

Inventory:

Hand Weapons
 h - a +2 dagger of venom
 o - a +2 hammer of holy wrath
 z - a +3 spear
Missiles
 D - 3 curare-tipped darts (quivered)
 F - 19 poisoned darts
Armour
 a - a +1 robe (worn)
 f - a +2 helmet (worn)
 u - a +2 pair of gloves (worn)
Magical Staves
 j - a staff of death (weapon)
Jewellery
 d - a ring of fire
 l - a ring of protection from fire (right hand)
 H - a +6 ring of intelligence (left hand)
Wands
 C - a wand of paralysis (9)
Scrolls
 e - 2 scrolls of enchant armour
 g - a scroll of vulnerability
 m - 4 scrolls of amnesia
 p - a scroll of fog {unknown}
 s - a scroll of teleportation {unknown}
 v - a scroll of poison
 x - 2 scrolls of magic mapping {unknown}
 y - a scroll of enchant weapon {unknown}
 A - 4 scrolls of immolation
 B - a scroll of silence {unknown}
 G - a scroll of fear {unknown}
 J - a scroll of blinking {unknown}
Potions
 b - a potion of magic
 c - 2 potions of berserk rage {unknown}
 i - 6 potions of curing
 k - 2 potions of invisibility
 n - 4 potions of lignification
 q - a potion of flight {unknown}
 r - 4 potions of haste
 t - 2 potions of degeneration {unknown}
 w - 4 potions of attraction {unknown}
 E - 4 potions of heal wounds {unknown}
 I - 2 potions of ambrosia {unknown}
 K - a potion of might {unknown}


   Skills:
 + Level 1.6 Armour
 - Level 5.5 Dodging
 - Level 1.7 Stealth
 + Level 8.0 Spellcasting
 + Level 9.3 Necromancy


You had 14 spell levels left.
You knew the following spells:

 Your Spells              Type           Power      Damage    Failure   Level
a - Necrotise             Necr           100%       1d9       1%          1
b - Vampiric Draining     Necr           75%        2d11      1%          3
c - Animate Dead          Necr           75%        N/A       1%          4
d - Call Imp              Summ           20%        N/A       8%          2

Your spell library contained the following spells:

 Spells                   Type           Power      Damage    Failure   Level
 Agony                    Necr           75%        N/A       3%          5
 Magic Dart               Conj           40%        1d5       5%          1
 Slow                     Hex            40%        N/A       5%          1
 Lesser Beckoning         Tloc           20%        N/A       8%          2
 Confusing Touch          Hex            10%        N/A       16%         3
 Gell's Gravitas          Tloc           10%        N/A       16%         3
 Inner Flame              Hex/Fire       10%        N/A       16%         3
 Mephitic Cloud           Conj/Pois/Air  10%        N/A       16%         3
 Teleport Other           Tloc           10%        N/A       16%         3
 Flame Wave               Conj/Fire      10%        2d6       45%         4
 Sticky Flame             Conj/Fire      10%        2d3       45%         4


Dungeon Overview and Level Annotations

Branches:
Dungeon (8/15)             Temple (0/1) D:7         Ossuary (visited)
   Lair: D:8-11

Annotations:
D:2 4 exclusions, Sigmund
D:3 1 runed translucent door, exclusions: 3 doors and 6 more exclusions, Crazy Yiuf


Innate Abilities, Weirdness & Mutations

You have an increased reservoir of magic. (+10% MP)
You shall have no god before yourself.
Your divine heritage dramatically boosts your attributes as you level up.


Message History

Confirm with . or Enter, or press ? or * to list all spells.
Aiming: Necrotise (safe; 1% risk of failure)
Press: ? - help, Shift-Dir - straight line, f - hornet
Aim: a hornet (wandering, hasn't noticed you, chance to affect: 77%)
You feel a surge of power!
The hornet buzzes angrily.
The hornet barely resists.
The hornet closely misses you.
Unknown command.
Casting: Necrotise (safe; 1% risk of failure)
Confirm with . or Enter, or press ? or * to list all spells.
Aiming: Vampiric Draining (safe; 1% risk of failure)
Press: ? - help, Shift-Dir - straight line, f/p - hornet
Aim: a hornet You feel a surge of power!
You draw life force from the hornet!
The hornet closely misses you.
Unknown command.
Casting: Vampiric Draining (safe; 1% risk of failure)
Confirm with . or Enter, or press ? or * to list all spells.
Aiming: Vampiric Draining (safe; 1% risk of failure)
Press: ? - help, Shift-Dir - straight line, f/p - hornet
Aim: a hornet (heavily wounded)
You feel a surge of power!
You draw life force from the hornet!
The hornet stings you!
You are poisoned.
You feel yourself slow down. The hornet stings you!
You feel as though you will be slow longer.
Casting: Vampiric Draining (safe; 1% risk of failure)
Confirm with . or Enter, or press ? or * to list all spells.
Aiming: Vampiric Draining (safe; 1% risk of failure)
Press: ? - help, Shift-Dir - straight line, f/p - hornet
Aim: a hornet (severely wounded)
You feel a surge of power!
You draw life force from the hornet!
You feel life coursing into your body.
You feel very sick. The hornet closely misses you. The hornet stings you!
You suddenly lose the ability to move!
You feel sick. The hornet stings you!
* * * LOW HITPOINT WARNING * * *
You shrug off the repeated paralysis!
The hornet stings you!
You die...

## .# >.# #.# #.#
##+## # #.# #.###...##
#.#####.# #
#.##.....###.y@....#
#.#..)....######.#.#
###..........####....#
....<.)......+.......#
..)....).....####....#
#.###...)...## ##.#.#
..# ##.....## ####.#
.## ##...## #....# ##
##+## #.####


You could see a hornet.

Vanquished Creatures
  Pikel (D:6)
  Grinder (D:3)
  A water moccasin (D:5)
  An acid dragon (D:8)
  2 orc warriors (D:7)
  A sky beast (D:7)
  2 ice beasts
  A black bear (D:6)
  2 ogres
  2 lemures (D:6)
  A phantom (D:5)
  Blork the orc (D:4)
  A bullfrog (D:7)
  2 kobold brigands
  4 scorpions
  A gnoll sergeant (D:6)
  9 killer bees
  2 howler monkeys
  4 jellies
  3 orc priests
  8 hounds
  2 sleepcaps
  Natasha (thrice) (D:4)
  3 iguanas
  3 orc wizards
  2 hound skeletons (D:3)
  6 mummies (Ossuary)
  Robin (D:3)
  7 gnolls
  8 adders
  A shadow imp (D:7)
  3 ufetubi (D:5)
  An adder zombie (D:3)
  2 adder skeletons (D:3)
  3 worms
  A dart slug (D:2)
  22 orcs
  5 ball pythons
  8 bats
  8 endoplasms
  2 giant cockroaches (D:2)
  A gnoll zombie (Ossuary)
  14 goblins
  18 hobgoblins
  7 jackals
  2 quokkas (D:4)
  4 frilled lizards
  A hobgoblin zombie (Ossuary)
  A jackal zombie (D:3)
  18 kobolds
  2 kobold zombies (Ossuary)
  An orc zombie (Ossuary)
  A quokka skeleton (D:3)
  4 rats
215 creatures vanquished.

Vanquished Creatures (collateral kills)
  An ice beast (D:6)
  A jelly (D:4)
  2 mummies (Ossuary)
  A gnoll (D:6)
  An adder (D:6)
  A white imp (D:6)
  An ufetubus (D:5)
  A dart slug (D:2)
  2 endoplasms
  2 goblins (D:1)
  2 jackals
  2 kobolds
  A quokka (D:5)
  A gnoll zombie (Ossuary)
  A kobold zombie (Ossuary)
  An orc zombie (Ossuary)
  2 rats
23 creatures vanquished.

Vanquished Creatures (others)
  2 gnoll zombies (D:6)
  A withered plant (D:3)
3 creatures vanquished.

Grand Total: 241 creatures vanquished

Notes
Turn   | Place    | Note
-------+----------+-------------------------------------------
     0 | D:1      | Mesmaeker13 the Demigod Necromancer began the quest for the
                  | Orb.
     0 | D:1      | Reached XP level 1. HP: 14/14 MP: 5/5
   147 | D:1      | Reached XP level 2. HP: 20/20 MP: 1/7
   296 | D:1      | Reached skill level 4 in Necromancy
   719 | D:1      | Reached XP level 3. HP: 26/26 MP: 3/9
   725 | D:1      | Learned a level 3 spell: Vampiric Draining
  1286 | D:2      | Noticed Sigmund
  1852 | D:2      | Reached XP level 4. HP: 33/33 MP: 6/11
  2089 | D:3      | Noticed Grinder
  2446 | D:3      | Found a runed translucent door.
  2447 | D:3      | Noticed Crazy Yiuf
  2449 | D:3      | Identified the +5 hammer "Xuitaow" {speed, rN+++ Will-}
  2508 | D:3      | Noticed Robin
  2728 | D:3      | Reached XP level 5. HP: 38/38 MP: 10/13
  2755 | D:3      | Learned a level 4 spell: Animate Dead
  2831 | D:3      | Killed Robin
  2832 | D:3      | Reached skill level 5 in Necromancy
  3327 | D:4      | Noticed Blork the orc
  3440 | D:4      | Noticed Natasha
  3477 | D:4      | Killed Natasha
  3478 | D:4      | Reached XP level 6. HP: 45/45 MP: 9/15
  3657 | D:4      | Killed Blork the orc
  3702 | D:4      | Noticed Natasha
  3706 | D:4      | Killed Natasha
  3731 | D:4      | Reached skill level 6 in Necromancy
  3904 | D:4      | Noticed Natasha
  3910 | D:4      | Killed Natasha
  3911 | D:4      | Reached XP level 7. HP: 50/50 MP: 14/17
  4193 | D:4      | Reached skill level 5 in Spellcasting
  4252 | D:5      | Entered Level 5 of the Dungeon
  4257 | D:5      | Learned a level 2 spell: Call Imp
  4692 | D:5      | Reached skill level 7 in Necromancy
  4723 | D:5      | Found a sand-covered staircase.
  4739 | Ossuary  | Entered an ossuary
  5577 | D:5      | Reached XP level 8. HP: 55/57 MP: 16/20
  6561 | D:6      | Noticed Pikel
  6797 | D:6      | Reached skill level 8 in Necromancy
  7035 | D:6      | Killed Pikel
  7127 | D:6      | Reached XP level 9. HP: 49/62 MP: 23/23
  7431 | D:3      | Killed Grinder
  7848 | D:7      | Found a staircase to the Ecumenical Temple.
  8033 | D:7      | Reached skill level 5 in Dodging
  8156 | D:7      | Reached skill level 9 in Necromancy
  9161 | D:8      | Reached skill level 1 in Armour
  9729 | D:8      | Paralysed by a hornet for 2 turns
  9730 | D:8      | Slain by a hornet

Illustrated notes

Levels and vault maps discovered:
D:1:      reono_arrival_forest_river, layout_loops_cross,
          hellmonk_ecumenical_altar_heavens_door, minmay_misc_feat_more_columns,
          minmay_pentomino_z2
D:2:      layout_loops_ring, minmay_worlds_worst_comb, uniq_sigmund
D:3:      minmay_door_path, layout_basic, serial_undead, serial_undead_c,
          serial_undead_c, serial_undead_e, serial_undead_e, uniq_grinder,
          uniq_crazy_yiuf_cottage, uniq_robin
D:4:      layout_cave_pools, grunt_temple_overflow_open, due_unseen_surprise,
          uniq_blork_the_orc, uniq_natasha
D:5:      layout_gridville, nicolae_ossuary_entry_monument, abandoned_shop,
          cheibrodos_gnoll_hut
D:6:      layout_basic, uniq_pikel
D:7:      layout_rooms, temple_statues
D:8:      layout_loops_corners, uniq_maggie

Skill      XL: |  1  2  3  4  5  6  7  8  9 |
---------------+----------------------------+-----
Spellcasting   | 2 3 4 6 7 8 |  8.0
Necromancy     | 4 5 6 7 8 9 |  9.3
Dodging        | 2 4 5 |  5.5
Armour         | 1 |  1.6
Stealth        | |  1.7

Action                     |  1- 3 |  4- 6 |  7- 9 || total
---------------------------+-------+-------+-------++-------
  Melee: Staff             |       |    53 |   102 ||   155
         Mace              |       |     2 |    87 ||    89
         Dagger            |       |       |     3 ||     3
  Throw: Dart              |       |     6 |    21 ||    27
   Cast: Necrotise         |    77 |   108 |   168 ||   353
         Call Imp          |       |       |    20 ||    20
         Vampiric Draining |       |       |    55 ||    55
         Animate Dead      |       |       |     1 ||     1
  Evoke: Wand              |       |       |     7 ||     7
    Use: Scroll            |       |     1 |     6 ||     7
         Potion            |       |       |     4 ||     4
   Stab: Distracted        |       |       |     3 ||     3
         Paralysed         |       |       |     8 ||     8
 Armour: Robe              |     3 |    34 |   101 ||   138
  Dodge: Dodged            |     5 |    55 |   242 ||   302
